 Dungeon Crawl Stone Soup version 0.19-a0-1025-g778f431 (webtiles) character file.

292 mrath the Ruffian (level 6, -1/52 HPs)
             Began as a Ghoul Gladiator on July 28, 2016.
             Slain by Duvessa
             ... wielding a +0 short sword
              (17 damage)
             ... on level 4 of the Dungeon.
             The game lasted 00:17:13 (3943 turns).

mrath the Ruffian (Ghoul Gladiator)                 Turns: 3943, Time: 00:17:14

Health: -1/52      AC:  6    Str: 19    XL:     6   Next: 33%
Magic:  5/5        EV: 12    Int:  3    God:
Gold:   289        SH:  0    Dex: 11    Spells: 0 memorised, 5 levels left

rFire  . . .     SeeInvis .       - Unarmed
rCold  + . .     Gourm    .     a - +0 leather armour
rNeg   + + +     Faith    .     (no shield)
rPois  ∞         Spirit   .     b - +1 helmet
rElec  .         Dismiss  .     (no cloak)
rCorr  .         Reflect  .     m - +0 pair of gloves
SustAt .         Harm     .     (no boots)
MR     .....                    (no amulet)
Stlth  ..........               v - ring of loudness (curse)
                                k - +2 ring of slaying

@: rotting, not resistant to hostile enchantments, extremely unstealthy
A: rotting body, claws 1, carnivore 3, cold resistance 1, negative energy
resistance 3, slow regeneration 1, torment resistance, unbreathing
a: no special abilities


You were on level 4 of the Dungeon.
You were not hungry.

You visited 1 branch of the dungeon, and saw 4 of its levels.

You collected 289 gold pieces.

Inventory:

Missiles
 c - 2 throwing nets
 j - 120 stones
 r - 8 sling bullets
 A - 2 javelins (quivered)
 B - 4 needles of paralysis
Armour
 a - a +0 leather armour (worn)
 b - a +1 helmet (worn)
 e - a +0 scale mail
 g - a +0 ring mail of poison resistance
 l - a +3 leather armour
 m - a +0 pair of gloves (worn)
 x - a +2 leather armour of magic resistance
Jewellery
 k - a +2 ring of slaying (left hand)
 p - an uncursed amulet of magic regeneration
 v - a cursed ring of loudness (right hand)
Scrolls
 h - 2 scrolls of magic mapping
 i - 2 scrolls of teleportation
 u - 3 scrolls of identify
 w - 2 scrolls of remove curse {unknown}
 y - 3 scrolls of enchant armour
Potions
 f - a potion of curing {unknown}
 o - 2 potions of invisibility {unknown}
 s - a potion of flight {unknown}
 t - a potion of brilliance {unknown}
Comestibles
 d - 2 meat rations
 n - a bread ration
 q - a beef jerky
 z - 4 chunks of flesh


   Skills:
 + Level 4.0 Fighting
 + Level 2.1 Throwing
 + Level 1.1 Armour
 + Level 3.1 Dodging
 * Level 6.0 Unarmed Combat


You had 5 spell levels left.
You didn't know any spells.

Dungeon Overview and Level Annotations

Branches:
Dungeon (4/15)
 Temple: D:4-7

Altars:
Ashenzari
Hepliaklqana
Nemelex Xobeh
Trog
Xom

Annotations:
D:4 Duvessa


Innate Abilities, Weirdness & Mutations

Your body is rotting away.
You thrive on raw meat.
You are immune to poison.
You have sharp fingernails.
You are carnivorous and can eat meat at any time.
Your flesh is cold resistant. (rC+)
You are immune to negative energy. (rN+++)
You regenerate slowly when monsters are visible.
You are immune to unholy pain and torment.
You can survive without breathing.


Message History

Duvessa goes berserk!
A worker ant comes into view.
The worker ant twitches its antennae in your direction.
You hear a bark!
Duvessa hits you with a short sword! Duvessa misses you.
You hit Duvessa.
Duvessa is lightly wounded.
Duvessa hits you with a short sword.
You closely miss Duvessa.
Duvessa is lightly wounded.
Duvessa hits you with a short sword.
A hound comes into view.
You hit Duvessa but do no damage.
Duvessa is lightly wounded.
Duvessa completely misses you. The worker ant barely misses you.
Duvessa hits you with a short sword!!
You closely miss Duvessa.
Duvessa is lightly wounded.
The worker ant closely misses you. Duvessa hits you with a short sword!
You die...

### ####.#### ######
#.......##########......
........................
........................
........................
...........#####......#.
...........# #.........
...........# #.@.......
..........## #..ea......
..........# #..........
#.## ..........#
#........... ..#
.........## #...h.......
..# .........#
#........... ..#
........## ............
#.### ........#
#............ ###....
#####..## #.##≈≈.≈≈#


You could see Duvessa (berserk), a hound and a worker ant.

Vanquished Creatures
  Dowan (D:4)
  A centaur skeleton (D:4)
  A worker ant (D:3)
  3 gnolls
  4 adders
  An ooze (D:3)
  2 worms
  11 dart slugs
  A giant gecko (D:1)
  7 orcs
  3 ball pythons (D:1)
  7 bats
  5 giant cockroaches
  8 goblins
  10 hobgoblins
  3 jackals (D:2)
  2 quokkas
  A giant newt (D:4)
  9 kobolds
  13 rats
93 creatures vanquished.

Notes
Turn   | Place    | Note
-------+----------+-------------------------------------------
     0 | D:1      | mrath the Ghoul Gladiator began the quest for the Orb.
     0 | D:1      | Reached XP level 1. HP: 17/17 MP: 0/0
    64 | D:1      | Reached XP level 2. HP: 25/25 MP: 1/1
   243 | D:1      | Found a shattered altar of Ashenzari.
   293 | D:1      | You fall through a shaft!
   369 | D:2      | Reached skill level 4 in Unarmed Combat
   427 | D:2      | Reached XP level 3. HP: 30/30 MP: 2/2
   645 | D:2      | Noticed a moth of wrath
   667 | D:2      | Found a bloodstained altar of Trog.
   844 | D:2      | Found a shimmering altar of Xom.
  1439 | D:1      | Reached XP level 4. HP: 38/38 MP: 3/3
  2154 | D:3      | Reached skill level 5 in Unarmed Combat
  2488 | D:3      | Found a sparkling altar of Nemelex Xobeh.
  2695 | D:3      | Reached XP level 5. HP: 45/45 MP: 4/4
  2785 | D:3      | Found a hazy altar of Hepliaklqana.
  3621 | D:4      | Reached XP level 6. HP: 43/51 MP: 5/5
  3852 | D:4      | Noticed Dowan
  3853 | D:4      | Noticed Duvessa
  3879 | D:4      | Reached skill level 1 in Armour
  3884 | D:4      | Killed Dowan
  3884 | D:4      | Reached skill level 6 in Unarmed Combat
  3943 | D:4      | Slain by Duvessa

Vault maps used:
D:1:      wheals_arrival_shading, serial_bayou, serial_bayou_pond_e,
          serial_bayou_ford_a, serial_bayou_lagoon_a, serial_bayou_lake_a,
          minivault_23, nicolae_ashenzari_panopticon
D:2:      tgw_trog, nicolae_overflow_hidden_temple
D:3:      lemuel_round_altar, nemelex_lonely_heart_becter
D:4:      kennysheep_slugbush, kennysheep_little_box, fedhas_altar_3,
          uniq_duvessa

Skill      XL: |  1  2  3  4  5  6 |
---------------+-------------------+-----
Unarmed Combat | 4 5 6 |  6.0
Fighting       | 3 4 |  4.0
Throwing       | 2 |  2.1
Dodging        | 3 |  3.1
Armour         | 1 |  1.1

Action                   |  1- 3 |  4- 6 || total
-------------------------+-------+-------++-------
Melee: Unarmed           |    98 |   171 ||   269
       Punch             |     2 |     4 ||     6
Throw: Throwing net      |     2 |       ||     2
       Javelin           |       |     3 ||     3
  Use: Scroll            |       |     7 ||     7
 Stab: Sleeping          |       |     1 ||     1
  Eat: Chunk             |     4 |     7 ||    11
Armor: Leather armour    |    28 |    48 ||    76
Dodge: Dodged            |    61 |   107 ||   168
